 Dungeon Crawl Stone Soup version bcrawl-1.14 (webtiles) character file.

Game seed: 13692382336007406872

88 MisterOstroum the Slasher (level 4, -4/29 HPs)
             Began as a Skeleton Reaver on Sept 14, 2019.
             Was a Believer of Vehumet.
             Killed by divine providence
             ... invoked by an orc priest
              (13 damage)
             ... on level 3 of the Dungeon.
             The game lasted 00:07:08 (2860 turns).

MisterOstroum the Slasher (Skeleton Reaver)         Turns: 2860, Time: 00:07:08

Health: -4/29      AC:  5    Str: 18      XL:     4   Next: 30%
Magic:  0/8        EV: 12    Int: 13      God:    Vehumet [**....]
Gold:   117        SH:  0    Dex:  9 (10) Spells: 6/9 levels left

rFire    . . .     SeeInvis .   i - +1 dagger (elec)
rCold    + . .     Gourm    .   (no shield)
rNeg     + + +     Faith    .   b - +0 steam dragon scales
rPois    ∞         Spirit   +   (no helmet)
rElec    .         Reflect  .   (no cloak)
rCorr    .         Harm     .   (no gloves)
MR       .....                  (no boots)
Stlth    +.........             (no amulet)
HPRegen  0.09/turn              g - +3 ring of dexterity
MPRegen  0.11/turn              (no ring)

@: no status effects
A: no food or potions, cold resistance 1, deterioration 1, negative energy
resistance 3, torment resistance, unbreathing, magic shield, sturdy frame 1,
spell healing
a: Renounce Religion


You were on level 3 of the Dungeon.
You worshipped Vehumet.
Vehumet was pleased with you.
You were not hungry.

You visited 1 branch of the dungeon, and saw 3 of its levels.

You collected 117 gold pieces.

Inventory:

Hand Weapons
 a - a +0 long sword
 i - a +1 dagger of electrocution (weapon)
Missiles
 f - 478 stones (quivered)
Armour
 b - +0 steam dragon scales (worn)
Jewellery
 g - a +3 ring of dexterity (left hand)
Scrolls
 c - a scroll of immolation
 d - 2 scrolls of identify {unknown}
 e - a scroll of enchant armour {unknown}
 h - a scroll of magic mapping {unknown}


   Skills:
 - Level 4.0 Fighting
 - Level 4.2 Long Blades
 - Level 3.0 Dodging
 - Level 3.0 Spellcasting
 + Level 2.7 Conjurations


You had 6 spell levels left.
You knew the following spells:

 Your Spells              Type           Power        Failure   Level  Hunger
a - Magic Dart            Conj           #...         8%          1    N/A
b - Throw Frost           Conj/Ice       #.....       21%         2    N/A

Your spell library contained the following spells:

 Spells                   Type           Power        Failure   Level  Hunger
 Iskenderun's Battlesphe  Conj/Chrm      #.......     98%         5    N/A

Dungeon Overview and Level Annotations

Branches:
Dungeon (3/12)

Altars:
Nemelex Xobeh
Okawaru
Vehumet


Innate Abilities, Weirdness & Mutations

You do not eat or drink.
You are immune to poison.
Your flesh is cold resistant. (rC+)
Your body sometimes deteriorates upon taking damage.
You are immune to negative energy. (rN+++)
You are immune to unholy pain and torment.
You can survive without breathing.
When hurt, damage is shared between your health and your magic reserves.
Your movements are slightly less encumbered by armour. (ER -2)
Casting spells heals you.


Message History

Press: ? - help, Shift-Dir - straight line, f/p - orc
Aim: an orc, wielding a +0 falchion and wearing a +0 leather armour (heavily wounded)
The magic dart hits the orc.
The orc is severely wounded.
The orc misses you.
You barely miss the orc.
The orc is severely wounded.
The orc closely misses you.
You barely miss the orc.
The orc is severely wounded.
The orc hits you with a +0 falchion.
You hit the orc but do no damage. Lightning courses through the orc!!
You kill the orc!
Vehumet accepts your kill.
You feel your intelligence returning.
No target in view!
No target in view!
No target in view!
Your magical contamination has completely faded away.
Items here: )) [[ a +0 falchion; a +0 leather armour; a +0 whip; a +0 ring mail You now have 117 gold pieces (gained 8).
Things that are here:
a +0 mace; an orc corpse
There is an open door here.
There is an open door here.
Found a stone staircase leading down.
Found an iron altar of Okawaru.
The orc priest shouts!
The orc priest is too close now for your liking.
The orc priest hits you with a +0 hand axe.
You closely miss the orc priest. The orc priest misses you.
You hit the orc priest but do no damage.
The orc priest hits you but does no damage.
You hit the orc priest.
The orc priest is moderately wounded.
You barely miss the orc priest.
The orc priest is moderately wounded.
The orc priest hits you but does no damage.
You barely miss the orc priest.
The orc priest is moderately wounded.
The orc priest invokes the aid of Beogh against you.
Beogh smites you!
Casting: Magic Dart (safe; 8% risk of failure)
Confirm with . or Enter, or press ? or * to list all spells.
Aiming: Magic Dart (safe; 8% risk of failure)
Press: ? - help, Shift-Dir - straight line, f - orc priest
Aim: an orc priest, wielding a +0 hand axe and wearing a +0 leather armour (moderately wounded)
The magic dart hits the orc priest.
The orc priest is moderately wounded.
Casting: Magic Dart (safe; 8% risk of failure)
Confirm with . or Enter, or press ? or * to list all spells.
Aiming: Magic Dart (safe; 8% risk of failure)
Press: ? - help, Shift-Dir - straight line, f/p - orc priest
Aim: an orc priest, wielding a +0 hand axe and wearing a +0 leather armour (moderately wounded)
The magic dart hits the orc priest.
The orc priest is moderately wounded.
The orc priest hits you but does no damage.
Casting: Magic Dart (safe; 8% risk of failure)
Confirm with . or Enter, or press ? or * to list all spells.
Aiming: Magic Dart (safe; 8% risk of failure)
Press: ? - help, Shift-Dir - straight line, f/p - orc priest
Aim: an orc priest, wielding a +0 hand axe and wearing a +0 leather armour (moderately wounded)
The magic dart hits the orc priest.
The orc priest is heavily wounded.
The orc shouts!
The orc priest hits you but does no damage.
You hit the orc priest but do no damage.
The orc priest is heavily wounded.
The orc priest misses you.
You closely miss the orc priest.
The orc priest is heavily wounded.
The orc priest hits you but does no damage.
Casting: Magic Dart (safe; 8% risk of failure)
Confirm with . or Enter, or press ? or * to list all spells.
Aiming: Magic Dart (safe; 8% risk of failure)
Press: ? - help, Shift-Dir - straight line, f/p - orc priest
Aim: an orc priest, wielding a +0 hand axe and wearing a +0 leather armour (heavily wounded)
The magic dart hits the orc priest.
The orc priest is severely wounded.
The orc priest hits you with a +0 hand axe.
You hit the orc priest but do no damage.
The orc priest is severely wounded.
The orc priest hits you with a +0 hand axe.
You hit the orc priest but do no damage.
The orc priest is heavily wounded.
Casting: Magic Dart (safe; 8% risk of failure)
Confirm with . or Enter, or press ? or * to list all spells.
You don't have enough magic to cast that spell.
You hit the orc priest but do no damage.
The orc priest is heavily wounded.
You hit the orc priest.
The orc priest is severely wounded.
The orc priest hits you with a +0 hand axe.
You closely miss the orc priest.
The orc priest is severely wounded.
The orc barely misses you.
The orc priest mumbles some strange prayers to Beogh against you.
Beogh smites you!
You die...

..# #.#.#.#.........#
### #.#...#..#.##.###
#######.########.##.#
........# ...#.##.#
#########.####.#.##.#
#.....%......#
..####.######
.##.....###
#.....o@..#
#.##..o##.# .. #.....
.# #......_... # #
..#.....# .#.##...##
. ..... .....


You could see an orc priest and an orc.

Vanquished Creatures
  An ooze (D:3)
  4 worms
  A dart slug (D:1)
  3 leopard geckos
  5 orcs
  4 giant cockroaches
  10 hobgoblins
  2 jackals (D:1)
  8 kobolds
  A quokka (D:3)
  2 ball pythons (D:2)
  7 bats
  3 frilled lizards (D:1)
  5 goblins
  4 rats
60 creatures vanquished.

Notes
Turn   | Place    | Note
-------+----------+-------------------------------------------
     0 | D:1      | MisterOstroum the Skeleton Reaver began the quest for the
                  | Orb.
     0 | D:1      | Reached XP level 1. HP: 14/14 MP: 4/4
   175 | D:1      | Reached XP level 2. HP: 5/19 MP: 1/6
   865 | D:1      | Found a sparkling altar of Nemelex Xobeh.
  1101 | D:2      | Reached * piety under Vehumet
  1101 | D:2      | Offered knowledge of Magic Dart by Vehumet.
  1104 | D:2      | Learned a level 1 spell: Magic Dart
  1115 | D:2      | Found a faded altar of an unknown god.
  1251 | D:2      | Reached XP level 3. HP: 23/24 MP: 2/7
  1630 | D:2      | Reached skill level 1 in Conjurations
  2041 | D:2      | Found a radiant altar of Vehumet.
  2429 | D:3      | Reached XP level 4. HP: 28/29 MP: 6/8
  2480 | D:3      | Offered knowledge of Throw Frost by Vehumet.
  2484 | D:3      | Learned a level 2 spell: Throw Frost
  2625 | D:3      | Reached ** piety under Vehumet
  2841 | D:3      | Found an iron altar of Okawaru.
  2860 | D:3      | Killed from afar by an orc priest

Skill      XL: |  1  2  3 |
---------------+----------+-----
Long Blades    | 4 |  4.2
Conjurations   | 2 |  2.7
Fighting       | 4 |  4.0
Dodging        | |  3.0
Spellcasting   | |  3.0

Action                   |  1- 3 |  4- 6 || total
-------------------------+-------+-------++-------
Melee: Long sword        |    89 |       ||    89
       Dagger            |    47 |    33 ||    80
Throw: Stone             |    20 |       ||    20
 Cast: Magic Dart        |    52 |    27 ||    79
Armor: Steam dragon scal |    45 |     6 ||    51
Dodge: Dodged            |    91 |    12 ||   103
